 Dungeon Crawl Stone Soup version 0.19-a0-1201-gda63bca (webtiles) character file.

57 mopl the Conjurer (level 4, -2/48 HPs)
             Began as an Ogre Wanderer on Aug 20, 2016.
             Slain by a gnoll
             ... wielding a +0 spear
              (4 damage)
             ... on level 2 of the Dungeon.
             The game lasted 00:03:50 (1942 turns).

mopl the Conjurer (Ogre Wanderer)                   Turns: 1942, Time: 00:03:51

Health: -2/48      AC:  3    Str: 16    XL:     4   Next: 0%
Magic:  4/4        EV:  9    Int: 10    God:
Gold:   62         SH:  0    Dex: 12    Spells: 0 memorised, 3 levels left

rFire  + . .     SeeInvis .     b - +0 spear
rCold  x . .     Gourm    .     d - +0 robe
rNeg   . . .     Faith    .     (no shield)
rPois  .         Spirit   .     (helmet restricted)
rElec  .         Dismiss  .     (no cloak)
rCorr  .         Reflect  .     (gloves unavailable)
MR     .....     Harm     .     (boots unavailable)
Stlth  ++........               (no amulet)
                                (no ring)
                                t - ring of fire

@: no status effects
A: unfitting armour, tough skin 1
a: no special abilities


You were on level 2 of the Dungeon.
You were not hungry.

You visited 1 branch of the dungeon, and saw 2 of its levels.

You collected 62 gold pieces.

Inventory:

Hand Weapons
 b - a +0 spear (weapon)
 e - a +0 whip
 h - a +1 dagger of speed
Missiles
 j - 13 stones (quivered)
Armour
 d - a +0 robe (worn)
Jewellery
 t - a ring of fire (left hand)
Scrolls
 i - a scroll of magic mapping
 l - a scroll of remove curse {unknown}
 m - a scroll of noise {unknown}
Potions
 c - 2 potions of curing
 k - a potion of flight {unknown}
 o - a potion of invisibility {unknown}
 p - a potion of mutation {unknown}
 r - a potion of heal wounds {unknown}
Books
 a - a book of Minor Magic

   Spells                             Type                      Level
   a - Magic Dart                     Conjuration                  1
   b - Blink                          Translocation                2
   c - Call Imp                       Summoning                    2
   d - Repel Missiles                 Charms/Air                   2
   e - Slow                           Hexes                        2
   f - Conjure Flame                  Conjuration/Fire             3
   g - Mephitic Cloud                 Conjuration/Poison/Air       3
Comestibles
 f - 3 bread rations
 g - a royal jelly
 n - 6 chunks of flesh
 q - a meat ration


   Skills:
 + Level 3.6 Fighting
 * Level 3.0 Maces & Flails
 + Level 1.5 Throwing
 - Level 2.4 Stealth
   Level 3.7 Conjurations


You had 3 spell levels left.
You didn't know any spells.

Dungeon Overview and Level Annotations

Branches:
Dungeon (2/15)

Altars:
Trog


Innate Abilities, Weirdness & Mutations

You are too large for most types of armour.
You have tough skin. (AC +1)


Message History

Items here: $ )) = a club; a hunting sling; a knobbly agate ring; 5 gold pieces
t - a knobbly agate ring You now have 62 gold pieces (gained 5).
Put on which piece of jewellery? (? for menu, Esc to quit)
You feel more attuned to fire.
t - a ring of fire (left hand)
The gnoll hits you but does no damage.
Throwing (i - inventory. (,) - cycle):
s - a throwing net (quivered)
Press: ? - help, Shift-Dir - straight line, f - gnoll
Aim: a gnoll, wielding a spear You throw a throwing net.
The throwing net barely misses the gnoll.
The gnoll hits you with a spear.
You hit the gnoll but do no damage. The gnoll hits you with a spear!
* * * LOW HITPOINT WARNING * * *
You hit the gnoll but do no damage. The gnoll hits you with a spear.
* * * LOW HITPOINT WARNING * * *
The gnoll hits you with a spear.
You die...

,,,,,,...........##
*,*
****,*#######.#.##
**,* *,* #.#.# *,,*
****,* #.#.# *,**
,,**,* #.#.# *,*
,,**,* #.#w## *,*
,,**,* #.#..# **,*
,,,,,* *,##)# *,,*
,,**** *,*#@# *,**
,,* *,*#g# *,* ,,*
#.##.# *,* ***
#.##.# *,* #.##.#*
*,* #.#...***,*
#.#...,**,**
#...(.,,,,,*
#g#***,**,,*


You could see a worm and a gnoll.

Vanquished Creatures
  A gnoll (D:2)
  A worm (D:1)
  2 giant geckos (D:2)
  An orc (D:2)
  6 bats
  2 giant cockroaches
  4 goblins
  8 hobgoblins
  2 giant newts (D:2)
  4 kobolds (D:1)
  6 rats
37 creatures vanquished.

Notes
Turn   | Place    | Note
-------+----------+-------------------------------------------
     0 | D:1      | mopl the Ogre Wanderer began the quest for the Orb.
     0 | D:1      | mopl set off with: a book of Minor Magic, a +0 spear, a potion of curing, a +0 robe, a +0 dagger, a bread ration
     0 | D:1      | Reached XP level 1. HP: 22/22 MP: 1/1
   341 | D:1      | Reached skill level 3 in Fighting
   341 | D:1      | Reached skill level 1 in Maces & Flails
   446 | D:1      | Reached XP level 2. HP: 29/31 MP: 2/2
   607 | D:1      | Reached skill level 1 in Throwing
  1022 | D:1      | Reached skill level 2 in Maces & Flails
  1028 | D:1      | Reached XP level 3. HP: 20/37 MP: 3/3
  1529 | D:2      | Found a bloodstained altar of Trog.
  1935 | D:2      | Reached skill level 3 in Maces & Flails
  1935 | D:2      | Reached XP level 4. HP: 20/48 MP: 4/4
  1942 | D:2      | HP: 2/48 [gnoll/spear (6)]
  1942 | D:2      | Slain by a gnoll

Vault maps used:
D:1:      nicolae_arrival_memento_mori, serial_aquarium,
          aquarium_bridge_straight, aquarium_bridge_square, aquarium_window_1,
          aquarium_window_fake, aquarium_window_double, aquarium_window_1,
          aquarium_view_2f, aquarium_view_2d, aquarium_balcony_double_4,
          aquarium_pool_five
D:2:      trog_butcher_becter, uniq_sigmund

Skill      XL: |  1  2  3 |
---------------+----------+-----
Fighting       | 3 |  3.6
Maces & Flails | 1 2 3 |  3.0
Throwing       | 1 |  1.5
Stealth        | |  2.4
Conjurations   | |  3.7

Action                   |  1- 3 |  4- 6 || total
-------------------------+-------+-------++-------
Melee: Spear             |   169 |     2 ||   171
Throw: Throwing net      |       |     1 ||     1
  Use: Scroll            |     1 |       ||     1
 Stab: Sleeping          |     4 |       ||     4
  Eat: Chunk             |     3 |       ||     3
Armor: Robe              |    38 |     1 ||    39
Dodge: Dodged            |    63 |       ||    63
